Map: Magma Mines

Players

UrineTrouble

  • Race: Zerg Zerg
  • League: Platinum

Krowder

  • Race: Protoss Protoss
  • League: Platinum

upaidtoomuch - Winner!

  • Race: Terran Terran

Tenonee - Winner!

  • Race: Zerg Zerg

VOD

Have the link to the VOD?

Description

Time

  • Played on: July 18, 2016, 8:07 a.m.
  • Length: 17:24
Show
View Real Time Build Order
Export as new Build Order

UrineTrouble Zerg 

Build Orders: Hatch First 

Get SALT Encoding   

  12  0:01  Drone  
  13  0:12  Overlord  
  13  0:17  Drone  
  14  0:23  Extractor, Drone  
  14  0:32  Drone  
  15  0:35  Drone  
  16  0:46  Drone  
  17  0:56  Drone  
  18  1:09  Hatchery  
  18  1:10  Drone  
  18  1:24  Spawning Pool  
  17  1:27  Drone  
  17  1:31  Drone  
  19  1:40  Overlord  
  19  2:06  Extractor  
  18  2:11  Lair  
  18  2:14  Drone x3  
  21  2:20  Queen  
  21  2:22  Drone  
  24  2:25  Drone  
  25  2:51  Zergling x8  
  29  2:54  Zergling x2  
  30  2:58  Spine Crawler  
  30  3:01  Zergling x2  
  30  3:10  Metabolic Boost, Spire  
  29  3:17  Queen  
  31  3:25  Drone  
  31  3:26  Drone  
  32  3:28  Drone  
  32  3:32  Drone  
  34  3:36  Drone  
  35  3:47  Extractor  
  34  3:48  Drone  
  34  3:50  Extractor  
  34  3:57  Overlord x2  
  34  3:58  Drone  
  35  4:18  Overseer  
  31  4:29  Drone x8  
  31  4:30  Drone  
  39  4:59  Spore Crawler  
  38  5:01  Spine Crawler  
  38  5:04  Spine Crawler  
  38  5:06  Drone x5  
  38  5:07  Drone x2  
  43  5:12  Drone x2  
  45  5:26  Overlord  
  45  5:28  Mutalisk x2  
  45  5:34  Mutalisk  
  51  5:43  Mutalisk x3  
  51  5:46  Mutalisk  
  59  6:06  Overlord x2  
  55  6:24  Mutalisk x8  
  71  6:40  Mutalisk x2  
  75  6:47  Hatchery  
  75  6:48  Mutalisk  
  54  7:16  Mutalisk x2  
  56  7:45  Mutalisk x2  
  54  8:20  Mutalisk x2  
  45  8:43  Queen  
  43  9:12  Mutalisk x3  
  43  9:13  Zergling x2  
  46  9:59  Overseer x2  
  46  10:08  Queen  
  46  10:09  Drone x3  
  46  10:10  Drone x3  
  46  10:11  Drone x3  
  53  10:45  Drone x3  
  53  10:46  Drone x2  
  53  10:49  Extractor  
  57  10:50  Extractor  
  47  11:15  Mutalisk x2  
  49  11:21  Mutalisk  
  49  11:22  Mutalisk  
  49  11:23  Mutalisk x2  
  57  11:29  Spore Crawler  
  57  11:30  Spore Crawler  
  55  11:35  Mutalisk  
  55  11:37  Drone x2  
  55  11:38  Drone  
  60  11:42  Overlord  
  39  12:20  Zergling x6  
  39  12:21  Zergling x6  
  39  12:22  Zergling x2  
  40  12:23  Zergling x6  
  43  12:54  Zergling x2  
  43  12:55  Zergling x8  
  28  14:01  Overseer, Zergling x2  
  28  14:02  Zergling x4  
  30  14:19  Overseer  
  20  15:13  Zergling x10  
  20  15:14  Zergling x2  
  23  15:17  Zergling x4  
  23  15:18  Zergling x2  
  10  16:07  Zergling x4  
  10  16:40  Overlord  
Show
View Real Time Build Order
Export as new Build Order

Krowder Protoss 

Build Orders: Zealot Archon 

Get SALT Encoding   

  12  0:01  Probe (Chrono Boost)  
  13  0:11  Probe (Chrono Boost)  
  14  0:25  Pylon  
  14  0:27  Probe (Chrono Boost)  
  15  0:30  Assimilator  
  15  0:43  Probe (Chrono Boost)  
  16  0:53  Probe (Chrono Boost), Gateway  
  17  1:03  Assimilator  
  18  1:04  Probe (Chrono Boost)  
  18  1:16  Probe (Chrono Boost)  
  19  1:26  Probe (Chrono Boost)  
  19  1:28  Pylon  
  20  1:37  Probe (Chrono Boost)  
  21  1:41  Cybernetics Core  
  21  1:47  Probe (Chrono Boost)  
  22  1:58  Probe (Chrono Boost)  
  23  2:13  Probe (Chrono Boost)  
  23  2:15  Warp Gate  
  24  2:21  Twilight Council  
  24  2:26  Nexus  
  25  2:39  Mothership Core (Chrono Boost)  
  25  2:43  Sentry  
  27  2:55  Pylon  
  27  3:22  Templar Archives  
  27  3:24  Probe (Chrono Boost)  
  28  3:27  Charge  
  28  3:46  Probe (Chrono Boost)  
  28  3:47  Assimilator  
  29  3:51  Assimilator, Pylon  
  29  3:56  Probe (Chrono Boost)  
  29  4:00  Psionic Storm  
  30  4:26  Gateway  
  30  4:27  Gateway  
  30  4:29  Gateway  
  30  4:51  Probe x2 (Chrono Boost)  
  32  4:54  Forge  
  32  4:59  Gateway  
  32  5:02  Pylon  
  32  5:03  Probe (Chrono Boost)  
  32  5:04  Probe (Chrono Boost)  
  34  5:08  Pylon  
  35  5:15  Probe (Chrono Boost)  
  35  5:29  Stalker x4  
  39  6:02  Stalker x2  
  39  6:03  Stalker x2  
  48  6:12  Probe (Chrono Boost)  
  48  6:16  Protoss Ground Weapons Level 1, Gateway  
  48  6:17  Gateway  
  40  6:27  Stalker  
  40  6:28  Stalker x3  
  48  6:41  Blink  
  46  6:52  Stalker x4  
  44  7:17  Sentry x4  
  44  7:18  Sentry  
  52  7:43  High Templar x3  
  56  7:46  Zealot  
  56  7:47  Zealot  
  56  7:49  Archon  
  50  8:13  High Templar x2  
  50  8:16  Zealot x3  
  50  8:17  Zealot x2  
  50  8:19  Archon  
  64  8:24  Pylon  
  64  8:25  Pylon  
  64  8:27  Pylon  
  64  8:28  Pylon  
  56  8:45  Zealot x6  
  56  8:46  Zealot  
  70  9:12  High Templar x4  
  70  9:14  Zealot x3  
  70  9:16  Archon  
  84  9:17  Archon  
  70  10:03  High Templar x4  
  70  10:07  Zealot x3  
  84  10:18  Archon  
  84  10:19  Archon  
  83  10:35  Zealot x3  
  81  10:45  Probe (Chrono Boost)  
  81  10:46  Probe (Chrono Boost)  
  81  10:56  High Templar x4  
  91  10:57  Probe (Chrono Boost)  
  91  10:58  Probe (Chrono Boost)  
  91  11:09  Probe (Chrono Boost)  
  91  11:10  Probe (Chrono Boost)  
  93  11:21  Probe (Chrono Boost)  
  93  11:22  Probe (Chrono Boost)  
  96  11:34  Probe x2 (Chrono Boost)  
  97  11:48  High Templar x2  
  97  11:49  High Templar  
  97  11:51  Archon x2  
  103  12:12  High Templar x2  
  103  12:13  Zealot  
  109  12:36  Pylon  
  109  12:37  Pylon  
  109  12:38  Pylon  
  109  12:39  Pylon  
  109  12:41  Pylon  
  109  12:43  Pylon  
  109  12:45  Pylon  
  109  12:47  Pylon  
  109  12:50  Pylon  
  109  12:52  Pylon  
  109  12:58  Stalker x2  
  111  12:59  Stalker x4  
  111  13:25  Zealot x2  
  111  13:26  Zealot x4  
  107  13:49  Zealot x2  
  107  13:50  Zealot  
  73  14:03  High Templar x3  
  67  14:29  Archon  
  67  14:30  Stalker x2  
  67  14:31  Stalker  
  55  15:11  Zealot x6  
  61  15:47  Stalker x5  
  61  15:48  Stalker  
  57  16:14  Stalker x5  
  34  17:06  Sentry x3  
Show
View Real Time Build Order
Export as new Build Order

upaidtoomuch Terran - Winner!

Build Orders: Mech 

Get SALT Encoding   

  12  0:01  SCV  
  13  0:13  SCV  
  14  0:21  Supply Depot  
  14  0:27  SCV  
  15  0:39  Refinery  
  15  0:43  SCV  
  15  0:49  Barracks  
  16  0:55  SCV  
  17  1:07  SCV  
  18  1:19  SCV  
  18  1:21  Refinery  
  19  1:31  SCV  
  20  1:38  Supply Depot  
  20  1:44  Reaper  
  20  1:45  SCV  
  22  1:57  SCV  
  23  2:02  Factory  
  23  2:14  SCV  
  24  2:17  Factory  
  24  2:26  SCV  
  25  2:32  Engineering Bay  
  25  2:51  Widow Mine  
  27  3:02  Supply Depot  
  27  3:05  Widow Mine  
  27  3:09  Factory  
  29  3:20  Widow Mine  
  31  3:28  Planetary Fortress  
  31  3:33  Widow Mine  
  31  3:38  Missile Turret  
  33  3:56  Factory Tech Lab  
  33  3:57  Factory Tech Lab  
  33  4:02  Widow Mine, Supply Depot  
  33  4:20  Siege Tank  
  36  4:26  Siege Tank  
  36  4:27  Missile Turret  
  36  4:30  Widow Mine  
  37  4:59  Widow Mine  
  35  5:07  Siege Tank  
  38  5:19  Siege Tank  
  41  5:25  Missile Turret  
  41  5:27  Widow Mine  
  41  6:10  Missile Turret  
  40  6:24  Hi-Sec Auto Tracking  
  40  6:27  Command Center  
  40  6:31  Siege Tank  
  40  6:32  Widow Mine  
  43  6:35  Widow Mine  
  47  6:46  Missile Turret  
  47  6:53  Missile Turret  
  47  6:55  Missile Turret  
  47  7:14  Supply Depot  
  47  7:33  Missile Turret  
  47  7:35  Widow Mine x2  
  50  7:44  Missile Turret  
  50  7:48  Missile Turret, Planetary Fortress  
  50  7:56  Missile Turret  
  50  8:03  Widow Mine x3  
  55  8:15  Missile Turret  
  55  8:32  Widow Mine  
  57  8:37  Missile Turret, SCV  
  58  8:45  SCV  
  59  8:49  SCV  
  59  8:59  Missile Turret  
  59  9:01  SCV  
  60  9:13  SCV  
  61  9:25  SCV  
  61  9:26  Missile Turret  
  61  9:28  Building Armor  
  62  9:35  Missile Turret  
  62  10:04  Widow Mine x3  
  62  10:06  Starport  
  68  10:19  Missile Turret  
  68  10:23  Missile Turret  
  68  10:49  Missile Turret  
  68  10:57  Supply Depot  
  68  10:58  Supply Depot  
  68  11:01  Liberator  
  68  11:06  Missile Turret  
  68  11:08  SCV, Refinery  
  72  11:20  Missile Turret, SCV  
  72  11:22  Widow Mine x3  
  79  11:29  Supply Depot x2  
  79  11:42  Missile Turret  
  79  11:44  Liberator  
  79  11:51  Siege Tank  
  81  12:21  Siege Tank  
  84  12:27  Siege Tank  
  87  12:49  Starport Reactor  
  87  13:26  Fusion Core  
  66  14:08  Siege Tank x2  
  66  14:14  Liberator x2  
  63  14:56  Siege Tank x2  
  63  15:28  Missile Turret  
  63  15:32  Missile Turret x2  
  63  15:46  Liberator  
  47  16:02  Siege Tank x2  
  56  16:05  Widow Mine  
  58  16:19  Refinery  
  58  16:21  Command Center  
  51  16:33  Widow Mine  
  50  16:46  SCV  
  51  16:58  SCV  
Show
View Real Time Build Order
Export as new Build Order

Tenonee Zerg - Winner!

Build Orders: Hatch First 

Get SALT Encoding   

  12  0:01  Drone  
  13  0:12  Drone  
  14  0:35  Hatchery  
  14  0:38  Drone  
  14  0:43  Extractor  
  13  0:57  Spawning Pool  
  12  1:04  Drone  
  13  1:17  Overlord  
  13  1:35  Drone x2  
  13  1:36  Drone  
  16  1:43  Metabolic Boost  
  16  1:53  Queen  
  18  2:03  Queen  
  20  2:20  Drone x3  
  23  2:33  Zergling x6  
  26  2:38  Drone x2  
  28  2:49  Overlord x2  
  28  3:07  Overlord  
  28  3:08  Drone  
  28  3:09  Drone x4  
  28  3:12  Extractor  
  32  3:19  Extractor, Drone  
  33  3:20  Drone x2  
  33  3:21  Extractor  
  32  3:30  Drone x3  
  35  3:37  Drone x3  
  35  3:38  Drone  
  39  3:49  Drone x3  
  39  3:54  Roach Warren  
  41  3:58  Drone x3  
  44  4:10  Overlord  
  44  4:12  Drone x2  
  46  4:23  Lair  
  46  4:27  Overlord x3  
  46  4:42  Roach  
  46  4:43  Roach x6  
  60  4:54  Hatchery  
  59  5:00  Roach x4  
  59  5:01  Roach x2  
  71  5:13  Queen  
  73  5:15  Overlord  
  73  5:17  Roach x3  
  73  5:21  Glial Reconstitution  
  79  5:32  Roach  
  79  5:33  Roach x3  
  87  5:35  Overlord x2  
  87  5:46  Roach  
  87  5:47  Roach  
  91  6:05  Overlord x2  
  91  6:11  Spire  
  91  6:13  Queen  
  92  6:24  Spore Crawler  
  83  6:34  Drone  
  83  6:36  Drone x2  
  83  6:37  Drone x2  
  83  6:38  Drone x2  
  88  6:41  Extractor x2  
  82  6:55  Queen  
  80  7:05  Roach x14  
  80  7:06  Roach  
  96  7:18  Spore Crawler  
  90  7:25  Mutalisk, Spore Crawler  
  90  7:26  Mutalisk x2, Spore Crawler  
  82  7:36  Mutalisk  
  82  7:37  Mutalisk x3  
  79  7:44  Spore Crawler  
  85  7:45  Spore Crawler  
  84  7:51  Spawning Pool  
  84  7:54  Mutalisk  
  81  8:10  Mutalisk  
  81  8:11  Mutalisk x3  
  73  8:51  Drone  
  73  8:52  Drone x6  
  78  8:57  Mutalisk x2  
  79  9:34  Mutalisk x2  
  61  10:18  Spore Crawler x2  
  59  10:26  Hatchery  
  58  10:33  Queen  
  50  10:54  Mutalisk x3  
  56  10:58  Queen  
  56  11:02  Drone x3  
  33  11:49  Mutalisk x2  
  34  12:13  Roach Warren  
  34  12:14  Spine Crawler  
  34  12:15  Spine Crawler  
  31  12:18  Spine Crawler  
  31  12:21  Spine Crawler  
  29  12:24  Spore Crawler  
  28  12:52  Drone x3  
  31  13:01  Spawning Pool  
  8  13:45  Drone  
Tags
 
Add a new tag
Caveats
  • Supply blocks, unpowered buildings, or Contaminate may cause inaccurate times.
  • Supply counts are checked every 10 seconds.